[Event "XVII MetLife Najdorf Open 2017"]
[Site "Warsaw"]
[Date "2017.07.12"]
[Round "4.31"]
[White "Lewicki, Miroslaw"]
[Black "Bilguun, Sumiya"]
[Result "0-1"]
[ECO "B42"]
[WhiteElo "2323"]
[BlackElo "2460"]
[Annotator "ChessBase"]
[PlyCount "74"]
[EventDate "2017.??.??"]
[EventType "swiss"]
[EventCountry "POL"]
[SourceTitle "playchess.com"]
[Source "ChessBase"]
[SourceQuality "1"]
[TimeControl "40/5400+30:1800+30"]

1. e4 c5 2. Nf3 e6 3. d4 cxd4 4. Nxd4 a6 5. Bd3 Qc7 6. Qe2 d6 7. O-O g6 8. Be3 Bg7 9. f4 Nf6 10. c4 h5 11. h3 Nbd7 12. Nc3 O-O 13. Rad1 b6 14. Nb3 Bb7 15. g4 Rfe8 16. g5 Nh7 17. Qd2 Rad8 18. h4 Nhf8 19. Kh2 Nc5 20. Nxc5 bxc5 21. Qf2 Nd7 22. f5 Ne5 23. Be2 d5 24. Bf4 d4 25. Qg3 exf5 26. Nd5 Bxd5 27. exd5 Qb7 28. b3 Nd7 29. Rfe1 Be5 30. Bf3 Qb8 31. Rxe5 Rxe5 32. Re1 Rde8 33. b4 d3 34. Rxe5 Nxe5 35. Bd1 Qxb4 36. d6 Qb2+ 37. Qg2 Qd4 0-1

[Event "XVII MetLife Najdorf Open 2017"]
[Site "Warsaw"]
[Date "2017.07.12"]
[Round "4.32"]
[White "Villegas, Pierre"]
[Black "Nasuta, Grzegorz"]
[Result "1/2-1/2"]
[ECO "D11"]
[WhiteElo "2295"]
[BlackElo "2455"]
[Annotator "ChessBase"]
[PlyCount "61"]
[EventDate "2017.??.??"]
[EventType "swiss"]
[EventCountry "POL"]
[SourceTitle "playchess.com"]
[Source "ChessBase"]
[SourceQuality "1"]
[TimeControl "40/5400+30:1800+30"]

1. Nf3 d5 2. c4 c6 3. d4 Nf6 4. e3 Bg4 5. h3 Bh5 6. g4 Bg6 7. Ne5 Nbd7 8. Nxg6 hxg6 9. Qb3 Qb6 10. g5 Ne4 11. cxd5 Qxb3 12. axb3 cxd5 13. Nc3 e6 14. Nxe4 dxe4 15. Bg2 Rh4 16. f4 exf3 17. Bxf3 Rc8 18. Bxb7 Rc7 19. Bf3 e5 20. Kf2 Be7 21. e4 exd4 22. Kg3 Rh8 23. Bf4 Rb7 24. Rhc1 Bc5 25. Ra5 Bb6 26. Rd5 Kd8 27. Bg4 Re8 28. Kf3 f6 29. Rc6 Ke7 30. Re6+ Kf7 31. Rxe8 1/2-1/2

[Event "XVII MetLife Najdorf Open 2017"]
[Site "Warsaw"]
[Date "2017.07.12"]
[Round "4.33"]
[White "Noe, Christopher"]
[Black "Pacan-Milej, Kosma"]
[Result "1/2-1/2"]
[ECO "B00"]
[WhiteElo "2451"]
[BlackElo "2332"]
[Annotator "ChessBase"]
[PlyCount "128"]
[EventDate "2017.??.??"]
[EventType "swiss"]
[EventCountry "POL"]
[SourceTitle "playchess.com"]
[Source "ChessBase"]
[SourceQuality "1"]
[TimeControl "40/5400+30:1800+30"]

1. e4 d6 2. d4 Nf6 3. f3 c5 4. dxc5 Qa5+ 5. Nc3 Qxc5 6. Nge2 Nc6 7. Nf4 e6 8. Bb5 a6 9. Ba4 b5 10. Bb3 Be7 11. Qd3 O-O 12. Be3 Ne5 13. Qe2 Qc7 14. O-O Bd7 15. a4 Nc4 16. axb5 Nxe3 17. Qxe3 axb5 18. Nd3 Qb7 19. Kh1 Rfc8 20. Rxa8 Rxa8 21. Rd1 Rc8 22. Ra1 Ra8 23. Rd1 Rc8 24. Na2 Be8 25. Nab4 Nd7 26. c3 Nc5 27. Bc2 h6 28. e5 dxe5 29. Nxe5 Qc7 30. f4 Rd8 31. Rf1 Qd6 32. Nf3 Bf6 33. Rd1 Qc7 34. Re1 Qd6 35. f5 exf5 36. Bxf5 g6 37. Bc2 Kg7 38. Rd1 Qe7 39. Qxe7 Rxd1+ 40. Bxd1 Bxe7 41. Nd4 Bg5 42. Nd5 Nd3 43. Be2 Nxb2 44. Bxb5 Bxb5 45. Nxb5 Nc4 46. Kg1 f5 47. Kf2 Kf7 48. Nd4 h5 49. Ke2 Bh6 50. Kd3 Ne5+ 51. Kc2 f4 52. h4 g5 53. hxg5 Bxg5 54. Kd1 f3 55. gxf3 h4 56. Ke2 h3 57. Kf1 Bh4 58. f4 Nd3 59. Nf3 h2 60. Kg2 Bg3 61. f5 Nf4+ 62. Nxf4 Bxf4 63. c4 Kf6 64. Nh4 Bg5 1/2-1/2

[Event "XVII MetLife Najdorf Open 2017"]
[Site "Warsaw"]
[Date "2017.07.12"]
[Round "4.35"]
[White "Miroshnichenko, Pavel"]
[Black "Percivaldi, Martin"]
[Result "1-0"]
[ECO "C47"]
[WhiteElo "2294"]
[BlackElo "2433"]
[Annotator "ChessBase"]
[PlyCount "179"]
[EventDate "2017.??.??"]
[EventType "swiss"]
[EventCountry "POL"]
[SourceTitle "playchess.com"]
[Source "ChessBase"]
[SourceQuality "1"]
[TimeControl "40/5400+30:1800+30"]

1. e4 e5 2. Nf3 Nc6 3. Nc3 Nf6 4. g3 d5 5. exd5 Nxd5 6. Bg2 Nxc3 7. bxc3 Bc5 8. O-O O-O 9. d3 Bg4 10. h3 Bh5 11. Qe1 f6 12. Be3 Bb6 13. Nd2 Bf7 14. Nb3 Re8 15. a4 Bxe3 16. Qxe3 Bd5 17. a5 Bxg2 18. Kxg2 Qd5+ 19. Kh2 b6 20. Ra4 f5 21. Rfa1 Rad8 22. axb6 axb6 23. Re1 h6 24. g4 Rf8 25. Rg1 e4 26. gxf5 Qxf5 27. Rxe4 Qxf2+ 28. Qxf2 Rxf2+ 29. Rg2 Rxg2+ 30. Kxg2 Kf8 31. Re6 Ne7 32. Nd4 Kf7 33. Re4 Rd6 34. c4 Rg6+ 35. Kf2 Rf6+ 36. Kg2 g5 37. h4 gxh4 38. Rxh4 Ng6 39. Re4 Nf4+ 40. Kg3 Ne6 41. Nb5 Rg6+ 42. Kf2 Kf6 43. Nc3 Ke7 44. Rh4 Kd7 45. Ke3 Ng7 46. Ke4 Re6+ 47. Kf3 Rf6+ 48. Ke4 Ne8 49. Rh2 Nd6+ 50. Ke3 Nf5+ 51. Kf4 Nd6+ 52. Ke3 Rg6 53. Nd5 Nf5+ 54. Ke4 Ne7 55. Nf4 Rf6 56. Ke5 Rd6 57. Ke4 Ke8 58. d4 Rc6 59. c5 bxc5 60. d5 Rf6 61. Ne6 c6 62. c4 Kd7 63. Nxc5+ Kd6 64. Nb7+ Kd7 65. d6 Ng8 66. Rg2 Rf8 67. Rg7+ Ke6 68. Kd4 Nf6 69. Re7+ Kf5 70. d7 Nxd7 71. Rxd7 Rh8 72. Rg7 h5 73. Nd6+ Kf6 74. Rg2 h4 75. Rf2+ Kg6 76. Nf7 Rh5 77. Ne5+ Kg5 78. Ke4 Kh6 79. Nxc6 h3 80. Ne5 Kg7 81. Ng4 Kg6 82. Nh2 Rh7 83. c5 Kg5 84. c6 Kh4 85. Rc2 Rc7 86. Kd5 Kg3 87. Kd6 Rc8 88. c7 Rf8 89. c8=Q Rxc8 90. Nf1+ 1-0

[Event "XVII MetLife Najdorf Open 2017"]
[Site "Warsaw"]
[Date "2017.07.12"]
[Round "4.36"]
[White "Zochowski, Kacper"]
[Black "Janik, Igor"]
[Result "1/2-1/2"]
[ECO "A20"]
[WhiteElo "2240"]
[BlackElo "2425"]
[Annotator "RC"]
[PlyCount "101"]
[EventDate "2017.??.??"]
[EventType "swiss"]
[EventCountry "POL"]
[SourceTitle "playchess.com"]
[Source "ChessBase"]
[SourceQuality "1"]
[TimeControl "40/5400+30:1800+30"]

1. c4 e5 2. g3 Nf6 3. Bg2 c6 4. d4 exd4 5. Qxd4 d5 6. Nc3 Be6 7. cxd5 cxd5 8. Bg5 Nc6 9. Qa4 Bc5 10. Nf3 Qb6 11. O-O Qxb2 12. Bxf6 gxf6 13. Rac1 Qb4 14. Qc2 Bb6 15. e4 dxe4 16. Nxe4 Ke7 17. Rfe1 Rac8 18. Nc3 Kf8 19. Qd2 Kg7 20. Re4 Qa3 21. Ra4 Qe7 22. Rh4 h5 23. Qb2 Ne5 24. Nxe5 fxe5 25. Nd5 Bxd5 26. Bxd5 Rxc1+ 27. Qxc1 Qf6 28. Qb2 Rd8 29. Bxb7 Bd4 30. Qe2 Rb8 31. Rxh5 Kf8 32. Qf3 Qxf3 33. Bxf3 Rb2 34. Bd5 Rxf2 35. Kh1 Kg7 36. g4 f6 37. Rf5 Rd2 38. h4 Be3 39. Bb3 Rd4 40. Kg2 Bf4 41. Kf3 a5 42. g5 fxg5 43. hxg5 a4 44. Bf7 Rd3+ 45. Ke2 Rd2+ 46. Kf3 Rd3+ 47. Ke2 Rh3 48. g6 a3 49. Be8 Rh8 50. Rf7+ Kxg6 51. Rf8+ 1/2-1/2

[Event "XVII MetLife Najdorf Open 2017"]
[Site "Warsaw"]
[Date "2017.07.12"]
[Round "4.38"]
[White "Tomczak, Mikolaj"]
[Black "Rahul Srivatshav P"]
[Result "0-1"]
[ECO "E92"]
[WhiteElo "2395"]
[BlackElo "2295"]
[Annotator "NA"]
[PlyCount "128"]
[EventDate "2017.??.??"]
[EventType "swiss"]
[EventCountry "POL"]
[SourceTitle "playchess.com"]
[Source "ChessBase"]
[SourceQuality "1"]
[TimeControl "40/5400+30:1800+30"]

1. Nf3 Nf6 2. c4 g6 3. Nc3 Bg7 4. d4 O-O 5. e4 d6 6. Be2 e5 7. Be3 Ng4 8. Bg5 f6 9. Bh4 g5 10. Bg3 Nh6 11. dxe5 dxe5 12. Qd5+ Kh8 13. Qxd8 Rxd8 14. h4 g4 15. Nd2 Na6 16. O-O-O Be6 17. a3 c6 18. f3 f5 19. Bf2 f4 20. g3 b6 21. Rdg1 gxf3 22. Bxf3 fxg3 23. Rxg3 Nf7 24. Be3 Bh6 25. Bg5 Bxg5 26. hxg5 Kg7 27. Bg4 Bxg4 28. Rxg4 Nc5 29. Rhg1 Nh8 30. b4 Nd3+ 31. Kc2 Ng6 32. Nf3 a5 33. Kb3 axb4 34. axb4 Nf2 35. R4g2 Nxe4 36. Nxe4 Rd3+ 37. Nc3 Rxf3 38. Rd2 Re8 39. Rd6 Nf4 40. Re1 Ne6 41. Rd7+ Kg6 42. Rd6 Kf5 43. Kb2 Rf2+ 44. Kb1 Nxg5 45. Rxc6 Nf3 46. Nd5 Nxe1 47. Rf6+ Ke4 48. Rxf2 Kd4 49. Nxb6 e4 50. Rf4 Nd3 51. Rh4 Rf8 52. Kc2 Nxb4+ 53. Kb3 Nd3 54. Nd5 Nc5+ 55. Kb4 Rb8+ 56. Ka3 Rb7 57. Nf6 Kd3 58. Rh3+ Kxc4 59. Nxh7 Nd3 60. Ka2 Ra7+ 61. Kb1 Rg7 62. Rh2 Kb3 63. Rh1 e3 64. Rd1 Kc4 0-1

[Event "XVII MetLife Najdorf Open 2017"]
[Site "Warsaw"]
[Date "2017.07.12"]
[Round "4.39"]
[White "Dzierzak, Radoslaw"]
[Black "Gumularz, Szymon"]
[Result "1/2-1/2"]
[ECO "B08"]
[WhiteElo "2231"]
[BlackElo "2391"]
[Annotator "ChessBase"]
[PlyCount "83"]
[EventDate "2017.??.??"]
[EventType "swiss"]
[EventCountry "POL"]
[SourceTitle "playchess.com"]
[Source "ChessBase"]
[SourceQuality "1"]
[TimeControl "40/5400+30:1800+30"]

1. e4 g6 2. d4 Bg7 3. Nf3 d6 4. Be2 Nf6 5. Nc3 O-O 6. O-O Nc6 7. Be3 e5 8. Qd2 Bg4 9. dxe5 dxe5 10. Rad1 Qc8 11. Qc1 Rd8 12. Rxd8+ Nxd8 13. Rd1 Ne6 14. Nd5 Qf8 15. h3 Bxf3 16. Bxf3 Ne8 17. c3 Nd6 18. b3 c6 19. Nb4 f5 20. exf5 gxf5 21. Nd3 Nb5 22. a4 Nbc7 23. Be2 Kh8 24. f4 exf4 25. Nxf4 Nxf4 26. Bxf4 Nd5 27. Bc4 Nxc3 28. Rd7 b5 29. axb5 cxb5 30. Bf1 Rd8 31. Qd2 Rxd7 32. Qxd7 a6 33. Bd6 Bd4+ 34. Kh2 Qf6 35. Bf4 Ne4 36. Bd3 Nc5 37. Qc8+ Kg7 38. Bxf5 Be5 39. Qxc5 Bxf4+ 40. g3 Bb8 41. Bc2 Qe5 42. Qxe5+ 1/2-1/2

[Event "XVII MetLife Najdorf Open 2017"]
[Site "Warsaw"]
[Date "2017.07.12"]
[Round "4.40"]
[White "Konguvel, Ponnuswamy"]
[Black "Kowalski, Igor"]
[Result "0-1"]
[ECO "C88"]
[WhiteElo "2388"]
[BlackElo "2226"]
[Annotator "ChessBase"]
[PlyCount "162"]
[EventDate "2017.??.??"]
[EventType "swiss"]
[EventCountry "POL"]
[SourceTitle "playchess.com"]
[Source "ChessBase"]
[SourceQuality "1"]
[TimeControl "40/5400+30:1800+30"]

1. e4 e5 2. Nf3 Nc6 3. Bb5 a6 4. Ba4 Nf6 5. O-O Be7 6. Re1 b5 7. Bb3 O-O 8. h3 Bb7 9. d3 d5 10. exd5 Nxd5 11. Nc3 Nxc3 12. bxc3 Bf6 13. Nd2 Na5 14. Ba3 Re8 15. Ne4 Nxb3 16. axb3 Bh4 17. Qf3 Qd5 18. Qg4 Bd8 19. f3 a5 20. Nc5 Be7 21. Nxb7 Bxa3 22. Rxa3 Qxb7 23. Qe4 Qb6+ 24. Qe3 Re6 25. Kf2 Kf8 26. Rea1 Rg6 27. Qxb6 cxb6 28. Re1 Rc6 29. c4 f6 30. Re2 Rac8 31. Ra2 a4 32. Ke3 axb3 33. cxb3 bxc4 34. bxc4 Ke7 35. Reb2 R8c7 36. Ra8 Rb7 37. Rb5 Rc5 38. Rb4 Kd7 39. Rg8 Kc6 40. g4 Ra5 41. Rc8+ Kd7 42. Rh8 h6 43. Ke4 Ke6 44. Re8+ Kd7 45. Rg8 Ke6 46. h4 Ra1 47. Ke3 Ra5 48. Ke4 Ra1 49. Ke3 Ra5 50. h5 Kd6 51. Rb3 Ke6 52. Rd8 Ke7 53. Rc8 Kd7 54. Rg8 Kd6 55. Ke4 Ke6 56. Rc8 Kd7 57. Rg8 Ke6 58. f4 exf4 59. d4 Ra4 60. d5+ Kd6 61. Rc8 Kd7 62. Rc6 Rc7 63. Rxc7+ Kxc7 64. Kd4 Ra1 65. Rf3 Rd1+ 66. Ke4 Rc1 67. Kd4 Rd1+ 68. Ke4 Rc1 69. Kf5 Rxc4 70. Kg6 Kd6 71. Kxg7 Kxd5 72. Kxh6 Ke4 73. Rf1 f3 74. Kg6 Ke3 75. h6 Rxg4+ 76. Kxf6 f2 77. h7 Rh4 78. Kg7 Ke2 79. Rb1 f1=Q 80. Rb2+ Kd3 81. Rxb6 Qg1+ 0-1

[Event "XVII MetLife Najdorf Open 2017"]
[Site "Warsaw"]
[Date "2017.07.12"]
[Round "4.41"]
[White "Szostko, Jakub"]
[Black "Skawinski, Arkadiusz"]
[Result "1/2-1/2"]
[ECO "C84"]
[WhiteElo "2208"]
[BlackElo "2386"]
[Annotator "NA"]
[PlyCount "73"]
[EventDate "2017.??.??"]
[EventType "swiss"]
[EventCountry "POL"]
[SourceTitle "playchess.com"]
[Source "ChessBase"]
[SourceQuality "1"]
[TimeControl "40/5400+30:1800+30"]

1. e4 e5 2. Nf3 Nc6 3. Bb5 a6 4. Ba4 Nf6 5. O-O Be7 6. d3 b5 7. Bb3 d6 8. a3 O-O 9. Nc3 Bg4 10. Be3 Nd4 11. Bxd4 exd4 12. Nd5 Nd7 13. h3 Bxf3 14. Qxf3 c6 15. Nf4 Rb8 16. Qg4 Ne5 17. Qd1 Nd7 18. Qg4 Nc5 19. Ba2 b4 20. Ne2 Bf6 21. Bc4 bxa3 22. bxa3 Rb2 23. Rfc1 Qa5 24. Ng3 Qd2 25. Nf5 Qg5 26. Nxd6 Qxg4 27. hxg4 Bg5 28. Rcb1 Rxc2 29. Rb6 Bf4 30. Rxc6 Nxd3 31. Bxf7+ Rxf7 32. Rxc2 Bxd6 33. Rd1 Ne5 34. Rxd4 Bxa3 35. Ra4 Bf8 36. Rxa6 Nxg4 37. Ra8 1/2-1/2

[Event "XVII MetLife Najdorf Open 2017"]
[Site "Warsaw"]
[Date "2017.07.12"]
[Round "4.42"]
[White "Jaroch, Karol"]
[Black "Deszczynski, Adam"]
[Result "1-0"]
[ECO "A30"]
[WhiteElo "2207"]
[BlackElo "2380"]
[Annotator "ChessBase"]
[PlyCount "97"]
[EventDate "2017.??.??"]
[EventType "swiss"]
[EventCountry "POL"]
[SourceTitle "playchess.com"]
[Source "ChessBase"]
[SourceQuality "1"]
[TimeControl "40/5400+30:1800+30"]

1. c4 c5 2. g3 g6 3. Nf3 Bg7 4. Bg2 Nc6 5. O-O e5 6. d3 Nge7 7. Be3 d6 8. Qc1 O-O 9. Nc3 f6 10. Bh6 Be6 11. Bxg7 Kxg7 12. a3 Qd7 13. e3 b6 14. Rd1 Rac8 15. b3 d5 16. Qb2 d4 17. Ne2 Nf5 18. exd4 cxd4 19. b4 Nd6 20. Nd2 Bg4 21. Nb3 Nb7 22. Rdc1 Ncd8 23. Kh1 h5 24. f3 Bf5 25. Qd2 Ne6 26. f4 Bg4 27. fxe5 fxe5 28. Ng1 Nbd8 29. c5 bxc5 30. Nxc5 Nxc5 31. bxc5 Nc6 32. Rf1 Be6 33. Nf3 Bd5 34. Ng5 Rxf1+ 35. Rxf1 Rf8 36. Rxf8 Bxg2+ 37. Qxg2 Kxf8 38. h4 Ne7 39. Kh2 Qd5 40. Qb2 Nf5 41. Qb8+ Ke7 42. Qxa7+ Ke8 43. Qb8+ Kd7 44. Qa7+ Ke8 45. Qa4+ Ke7 46. c6 Qa2+ 47. Kh3 Kd6 48. Ne4+ Kc7 49. Qb5 1-0

[Event "XVII MetLife Najdorf Open 2017"]
[Site "Warsaw"]
[Date "2017.07.12"]
[Round "4.43"]
[White "Kaczmarek, Aleksander"]
[Black "Zherebtsova, Alexandra"]
[Result "1/2-1/2"]
[ECO "C55"]
[WhiteElo "2380"]
[BlackElo "2219"]
[Annotator "ChessBase"]
[PlyCount "57"]
[EventDate "2017.??.??"]
[EventType "swiss"]
[EventCountry "POL"]
[SourceTitle "playchess.com"]
[Source "ChessBase"]
[SourceQuality "1"]
[TimeControl "40/5400+30:1800+30"]

1. e4 e5 2. Nf3 Nc6 3. d4 exd4 4. Bc4 Nf6 5. e5 d5 6. Bb5 Ne4 7. Nxd4 Bd7 8. Bxc6 bxc6 9. O-O Bc5 10. f3 Ng5 11. f4 Ne4 12. Be3 Bb6 13. Nd2 Nxd2 14. Qxd2 c5 15. Nf3 Bf5 16. Rad1 c6 17. c3 Qe7 18. a3 O-O 19. Qf2 Rfc8 20. Rfe1 a5 21. Nh4 Be4 22. b4 axb4 23. axb4 Ra3 24. f5 Qxe5 25. bxc5 Bc7 26. g3 Qf6 27. Bd4 Be5 28. Qb2 Bxd4+ 29. cxd4 1/2-1/2

[Event "XVII MetLife Najdorf Open 2017"]
[Site "Warsaw"]
[Date "2017.07.12"]
[Round "4.44"]
[White "Nurkiewicz, Maciej"]
[Black "Pranav Vijay"]
[Result "1-0"]
[ECO "A40"]
[WhiteElo "2373"]
[BlackElo "2265"]
[Annotator "ChessBase"]
[PlyCount "99"]
[EventDate "2017.??.??"]
[EventType "swiss"]
[EventCountry "POL"]
[SourceTitle "playchess.com"]
[Source "ChessBase"]
[SourceQuality "1"]
[TimeControl "40/5400+30:1800+30"]

1. d4 Nf6 2. c4 e6 3. g3 Bb4+ 4. Bd2 Be7 5. Bg2 O-O 6. Nf3 d5 7. O-O c6 8. Qc2 b6 9. b3 Bb7 10. Nc3 Nbd7 11. e4 dxe4 12. Nxe4 Nxe4 13. Qxe4 Nf6 14. Qe2 c5 15. Bc3 cxd4 16. Nxd4 Bxg2 17. Kxg2 Qd7 18. Qf3 Rac8 19. Rad1 Qc7 20. Rfe1 a6 21. Re3 b5 22. cxb5 Nd5 23. Red3 Nxc3 24. Rc1 Bb4 25. a3 e5 26. Nf5 e4 27. Qg4 g6 28. Rd7 Qe5 29. Nh6+ Kg7 30. Nxf7 Rxf7 31. Rxf7+ Kxf7 32. Qxc8 Ba5 33. b4 Bc7 34. b6 Bxb6 35. Rxc3 Qd4 36. Qc4+ Qxc4 37. Rxc4 e3 38. fxe3 Bxe3 39. Rc6 h5 40. Rxa6 g5 41. b5 h4 42. b6 Bxb6 43. Rxb6 hxg3 44. Kxg3 Ke7 45. a4 Kd7 46. a5 Kc7 47. Rb1 Kc6 48. a6 Kc5 49. a7 Kc4 50. a8=Q 1-0

[Event "XVII MetLife Najdorf Open 2017"]
[Site "Warsaw"]
[Date "2017.07.12"]
[Round "4.45"]
[White "Kosakowski, Jakub"]
[Black "Aditya Mittal"]
[Result "1-0"]
[ECO "B96"]
[WhiteElo "2366"]
[BlackElo "2203"]
[Annotator "ChessBase"]
[PlyCount "97"]
[EventDate "2017.??.??"]
[EventType "swiss"]
[EventCountry "POL"]
[SourceTitle "playchess.com"]
[Source "ChessBase"]
[SourceQuality "1"]
[TimeControl "40/5400+30:1800+30"]

1. e4 c5 2. Nf3 d6 3. d4 cxd4 4. Nxd4 Nf6 5. Nc3 a6 6. Bg5 e6 7. f4 Nbd7 8. Qe2 Qc7 9. O-O-O b5 10. a3 Be7 11. g4 h6 12. Bh4 Bb7 13. Kb1 Rc8 14. Rg1 g5 15. fxg5 hxg5 16. Bxg5 Qb6 17. Qe1 Rxc3 18. Bxf6 Nxf6 19. Qxc3 Nxe4 20. Qe1 Rxh2 21. Rg2 Rh1 22. Bxb5+ axb5 23. Qxh1 Bf6 24. Qg1 b4 25. a4 Nc3+ 26. bxc3 bxc3+ 27. Nb5 Qa5 28. Rd4 Bxd4 29. Qxd4 Bxg2 30. Qxd6 f6 31. Qxe6+ Kf8 32. Qxf6+ Kg8 33. Qd4 Qa8 34. Nxc3 Qb7+ 35. Ka2 Qf7+ 36. Kb2 Qb7+ 37. Nb5 Bc6 38. Qe5 Qd7 39. Qg5+ Kh8 40. Qf6+ Kg8 41. Qg6+ Kh8 42. Nd6 Qg7+ 43. Qxg7+ Kxg7 44. Kb3 Kf6 45. Kb4 Kg5 46. a5 Kxg4 47. Kc5 Ba8 48. Kb6 Kf4 49. Nb7 1-0

[Event "XVII MetLife Najdorf Open 2017"]
[Site "Warsaw"]
[Date "2017.07.12"]
[Round "4.46"]
[White "Kubicka, Anna"]
[Black "Przedmojski, Rafal"]
[Result "1/2-1/2"]
[ECO "B20"]
[WhiteElo "2152"]
[BlackElo "2355"]
[Annotator "ChessBase"]
[PlyCount "171"]
[EventDate "2017.??.??"]
[EventType "swiss"]
[EventCountry "POL"]
[SourceTitle "playchess.com"]
[Source "ChessBase"]
[SourceQuality "1"]
[TimeControl "40/5400+30:1800+30"]

1. e4 c5 2. Ne2 Nf6 3. Nbc3 d5 4. exd5 Nxd5 5. Nxd5 Qxd5 6. Nc3 Qd7 7. Bc4 Nc6 8. O-O e6 9. d3 a6 10. a4 b6 11. Re1 Na5 12. Ba2 Bb7 13. Qh5 O-O-O 14. Qh3 Kb8 15. Be3 Nc6 16. Ne4 Bd6 17. a5 Nxa5 18. b4 cxb4 19. Bxb6 Nc6 20. Bc4 Bc7 21. Nc5 Qd6 22. Bxc7+ Kxc7 23. Nxb7 Kxb7 24. Bxa6+ Kb6 25. Qh5 f5 26. Bc4 Ra8 27. Qd1 e5 28. Qf3 g6 29. h3 Qd4 30. Rab1 Ra3 31. Qd5 Rd8 32. Qf7 Qd7 33. Qf6 Qd6 34. Qg7 Qd7 35. Qh6 Kc5 36. Qh4 Rda8 37. Bb3 Kd6 38. Qc4 R8a5 39. f4 Qa7+ 40. Kh1 Qd4 41. Qe6+ Kc7 42. fxe5 Rxe5 43. Rxe5 Qxe5 44. Qxe5+ Nxe5 45. Bg8 Nc6 46. Bd5 Rc3 47. Bxc6 Kxc6 48. Rxb4 Rxc2 49. Rh4 h5 50. Rd4 g5 51. h4 gxh4 52. Rxh4 Rd2 53. Rxh5 Rxd3 54. Rxf5 Kd6 55. Kh2 Ke6 56. Rf8 Rd7 57. Kh3 Rh7+ 58. Kg4 Rg7+ 59. Kf3 Ra7 60. Rf4 Rg7 61. Rg4 Ra7 62. Rf4 Rg7 63. Kf2 Ke5 64. Rf8 Rg5 65. Rf3 Ke6 66. Rf4 Ke5 67. Ra4 Kf6 68. Kf3 Rb5 69. Rg4 Rb3+ 70. Kf4 Ra3 71. Rg8 Kf7 72. Rg3 Ra5 73. Rg5 Ra4+ 74. Kf5 Rb4 75. g3 Ra4 76. Rg4 Rxg4 77. Kxg4 Kg6 78. Kf4 Kf6 79. g4 Kg6 80. g5 Kg7 81. Kf5 Kf7 82. g6+ Kg7 83. Kg5 Kg8 84. Kf6 Kf8 85. g7+ Kg8 86. Kg6 1/2-1/2

[Event "XVII MetLife Najdorf Open 2017"]
[Site "Warsaw"]
[Date "2017.07.12"]
[Round "4.47"]
[White "Omar, Noaman"]
[Black "Antolak, Julia"]
[Result "1-0"]
[ECO "D85"]
[WhiteElo "2354"]
[BlackElo "2144"]
[Annotator "ChessBase"]
[PlyCount "111"]
[EventDate "2017.??.??"]
[EventType "swiss"]
[EventCountry "POL"]
[SourceTitle "playchess.com"]
[Source "ChessBase"]
[SourceQuality "1"]
[TimeControl "40/5400+30:1800+30"]

1. d4 Nf6 2. c4 g6 3. Nc3 d5 4. Nf3 Bg7 5. cxd5 Nxd5 6. e4 Nxc3 7. bxc3 c5 8. Rb1 O-O 9. Be2 b6 10. O-O Bb7 11. Qd3 Ba6 12. Qc2 Qd7 13. Bxa6 Nxa6 14. d5 e6 15. Rd1 exd5 16. Rxd5 Qc6 17. Bf4 Rfe8 18. Rbd1 Nc7 19. Rd7 Nb5 20. e5 Nd4 21. cxd4 Qxd7 22. d5 Rad8 23. h4 f6 24. exf6 Bxf6 25. d6 Qe6 26. Ng5 Bxg5 27. hxg5 Qe2 28. Rd2 Qe4 29. d7 Qxf4 30. dxe8=Q+ Rxe8 31. g3 Qe4 32. Qxe4 Rxe4 33. Kg2 Kf7 34. f4 Ke6 35. Kf3 Ra4 36. Rh2 Ra3+ 37. Ke4 Rxg3 38. Rxh7 Ra3 39. Rg7 Ra4+ 40. Kf3 c4 41. Rxg6+ Kd5 42. Rg8 c3 43. Rc8 Ke6 44. Rc6+ Ke7 45. Rc7+ Ke6 46. Rc6+ Ke7 47. g6 Rxa2 48. Rc7+ Kf8 49. Kg4 b5 50. f5 Ra4+ 51. Kg5 Rc4 52. g7+ Kg8 53. Rxc4 bxc4 54. Kg6 c2 55. f6 c1=Q 56. f7# 1-0

[Event "XVII MetLife Najdorf Open 2017"]
[Site "Warsaw"]
[Date "2017.07.12"]
[Round "4.50"]
[White "Nowak, Kamil"]
[Black "Adamski, Jan"]
[Result "1-0"]
[ECO "B43"]
[WhiteElo "2362"]
[BlackElo "2250"]
[Annotator "ChessBase"]
[PlyCount "43"]
[EventDate "2017.??.??"]
[EventType "swiss"]
[EventCountry "POL"]
[SourceTitle "playchess.com"]
[Source "ChessBase"]
[SourceQuality "1"]
[TimeControl "40/5400+30:1800+30"]

1. e4 c5 2. Nf3 e6 3. d4 cxd4 4. Nxd4 a6 5. Nc3 Qc7 6. Be2 b5 7. O-O Bb7 8. Re1 Nc6 9. Nxc6 dxc6 10. e5 c5 11. Bd3 Rd8 12. Qh5 b4 13. Ne4 c4 14. Bf1 Rd5 15. Bf4 Nf6 16. Nxf6+ gxf6 17. b3 c3 18. Bc4 Rd4 19. Bxe6 Rxf4 20. Bxf7+ Qxf7 21. exf6+ Be4 22. Qe5+ 1-0

[Event "XVII MetLife Najdorf Open 2017"]
[Site "Warsaw"]
[Date "2017.07.12"]
[Round "4.51"]
[White "Karwowski, Kacper"]
[Black "Baskin, Robert"]
[Result "1/2-1/2"]
[ECO "B13"]
[WhiteElo "2221"]
[BlackElo "2330"]
[Annotator "ChessBase"]
[PlyCount "102"]
[EventDate "2017.??.??"]
[EventType "swiss"]
[EventCountry "POL"]
[SourceTitle "playchess.com"]
[Source "ChessBase"]
[SourceQuality "1"]
[TimeControl "40/5400+30:1800+30"]

1. e4 c6 2. d4 d5 3. exd5 cxd5 4. c4 Nf6 5. Nc3 Nc6 6. Nf3 Be6 7. c5 g6 8. Bb5 Bg7 9. O-O O-O 10. Bxc6 bxc6 11. Ne5 Qc8 12. Qa4 Bd7 13. Re1 e6 14. Bf4 Ne8 15. b4 f6 16. Nxd7 Qxd7 17. b5 Rc8 18. Rab1 e5 19. bxc6 Qe6 20. Qxa7 Rxc6 21. Rb6 Rf7 22. Qa8 Rc8 23. Rxe6 Rxa8 24. dxe5 Nc7 25. Rd6 fxe5 26. Bxe5 Re8 27. f4 Rxf4 28. Bxf4 Rxe1+ 29. Kf2 Bxc3 30. Rd8+ Ne8 31. c6 Kf7 32. c7 Nxc7 33. Rd7+ Re7 34. Rxc7 Rxc7 35. Bxc7 Ke6 36. Ke3 Kd7 37. Bb6 Be5 38. h3 Kc6 39. Bd4 Bc7 40. a4 h5 41. Bc3 Kc5 42. a5 Kc4 43. Be1 d4+ 44. Ke4 d3 45. Bd2 Bb8 46. a6 Ba7 47. Be3 Kc3 48. Bxa7 d2 49. Bd4+ Kc4 50. a7 d1=Q 51. a8=Q Qxd4+ 1/2-1/2

[Event "XVII MetLife Najdorf Open 2017"]
[Site "Warsaw"]
[Date "2017.07.12"]
[Round "4.52"]
[White "Nowak, Lukasz"]
[Black "Kowalczyk, Rafal"]
[Result "1/2-1/2"]
[ECO "C96"]
[WhiteElo "2327"]
[BlackElo "2240"]
[Annotator "ChessBase"]
[PlyCount "178"]
[EventDate "2017.??.??"]
[EventType "swiss"]
[EventCountry "POL"]
[SourceTitle "playchess.com"]
[Source "ChessBase"]
[SourceQuality "1"]
[TimeControl "40/5400+30:1800+30"]

1. e4 e5 2. Nf3 Nc6 3. Bb5 a6 4. Ba4 Nf6 5. O-O Be7 6. Re1 b5 7. Bb3 d6 8. c3 O-O 9. h3 Na5 10. Bc2 c5 11. d4 Nd7 12. Nbd2 exd4 13. cxd4 Nc6 14. d5 Nce5 15. Nf1 Nxf3+ 16. Qxf3 Ne5 17. Qh5 Re8 18. Ne3 Bf6 19. Rb1 Ng6 20. Ng4 Bxg4 21. Qxg4 Qa5 22. Bf4 Nxf4 23. Qxf4 Be5 24. Qh4 Qd2 25. Bb3 Bxb2 26. Qg4 Bd4 27. Re2 Qh6 28. Kh1 Rab8 29. f4 c4 30. Bc2 Qg6 31. Qf3 Qf6 32. Rbe1 b4 33. Qg3 Bc3 34. Rf1 b3 35. axb3 cxb3 36. Bb1 b2 37. Qd3 g6 38. Qxa6 Ra8 39. Qd3 Rec8 40. Rc2 Bd4 41. Rc6 Bc5 42. e5 Qe7 43. e6 fxe6 44. Rxc8+ Rxc8 45. dxe6 Qf6 46. Qb5 Ra8 47. Qd7 Ra7 48. e7 Qxe7 49. Qc8+ Qf8 50. Qe6+ Qf7 51. Qc8+ Qf8 52. Qe6+ Qf7 53. Qc8+ Kg7 54. f5 Bd4 55. Qe6 Qxe6 56. fxe6 Be3 57. g4 d5 58. Kg2 Re7 59. Rf7+ Rxf7 60. exf7 Kxf7 61. Kf3 Bg5 62. Kg3 Bd2 63. Kf3 Be1 64. Kf4 Kf6 65. Bc2 Bh4 66. Bb1 Ke6 67. Bc2 Kd6 68. Bb1 Kc5 69. Ke3 Kc4 70. Ke2 Bg5 71. Bd3+ Kc3 72. Bb1 Kd4 73. Bd3 Ke5 74. Kf3 Bh4 75. Bb1 Kd4 76. Ke2 Kc3 77. Bd3 Bg5 78. Bb1 Bf6 79. Bd3 Kb3 80. Bb1 h6 81. Kd3 Be5 82. Ke2 h5 83. gxh5 gxh5 84. Kd3 Bg7 85. Ke2 Kc3 86. Bd3 Kd4 87. Bb1 Ke5 88. Kf3 d4 89. Bd3 h4 1/2-1/2